 Dungeon Crawl Stone Soup version 0.31-a0-844-gdc52ec4e09 (webtiles) character file.

Game seed: 16260916831764505105

650236 rageheart7 the Conqueror (level 27, -2/249 HPs)
             Began as a Demonspawn Gladiator on Sept 22, 2023.
             Was a High Priest of Qazlal.
             Killed by a royal mummy's death curse (6 damage)
             ... on level 1 of the Tomb of the Ancients on Sept 29, 2023.
             The game lasted 03:08:12 (61738 turns).

rageheart7 the Conqueror (Demonspawn Gladiator)    Turns: 61738, Time: 03:08:12

Health: -2/249     AC: 42    Str: 23 (24) XL:     27
Magic:  0/33       EV: 11    Int: 11      God:    Qazlal [*****.]
Gold:   7413       SH: 11    Dex: 21      Spells: 26/26 levels left

rFire   + . .        d - +7 executioner's axe (drain)
rCold   + . .        (shield currently unavailable)
rNeg    + + +        u - +3 gold dragon scales
rPois   +            (helmet restricted)
rElec   +            n - +1 cloak {Will+}
rCorr   +            U - +3 Mad Mage's Maulers {Infuse+∞ VampMP -Cast}
SInv    .            (boots unavailable)
Will    ++++.        z - amulet of the Yeti {rPois Regen+ Dex+5} Stlth
                     Z - ring of Saenwiet {rPois rF+ rC+ Slay+2}
HPRegen 8.41/turn    B - ring "Luofunk" {rElec rF- rN+++ Will+ rCorr}
MPRegen 0.46/turn

%: no spellcasting, repel missiles, guardian spirit
@: marked, protected from physical damage, slowed, studying Air Magic, very slow
A: hooves 3, yellow scales 3, powered by death 3, augmentation 3, magic shield,
magic regeneration, magic link, beak, large bone plates 1, clumsy 1, sense
surroundings 1, cold vulnerability 1
}: 4/15 runes: decaying, slimy, silver, gossamer
a: Renounce Religion, Upheaval, Elemental Force, Disaster Area


You were on level 1 of the Tomb of the Ancients.
You worshipped Qazlal.
Qazlal was extremely pleased with you.
You visited 11 branches of the dungeon, and saw 52 of its levels.
You also visited: Ossuary, Bailey, Wizlab and Desolation.

You collected 10166 gold pieces.
You spent 2753 gold pieces at shops.

Inventory:

Hand Weapons
 d - a +7 executioner's axe of draining (weapon)
 k - the +7 bardiche of Cheibriados's Favour {heavy, rN+}
   (You found it on level 1 of the Vaults)

   rN+:       It protects you from negative energy.
Missiles
 a - 11 javelins
 g - 37 boomerangs (quivered)
 p - 22 silver javelins
Armour
 f - the +5 chain mail of the Illusory Knives {rPois rN+}
   (You found it in the Desolation of Salt)

   rPois:     It protects you from poison rN+: It protects you from negative
   energy.
 n - a +1 cloak of willpower (worn)
 u - +3 gold dragon scales (worn)
 H - a +2 helmet
 U - the +3 Mad Mage's Maulers (worn) {Infuse+∞ VampMP -Cast}
   (You found it on level 5 of the Lair of Beasts)

   Infuse+∞: It empowers its wearer's blows with all of their magic.
   VampMP:    Blows struck in melee replenish the wearer's magic.
   -Cast:     It prevents spellcasting.
Jewellery
 r - the amulet "Lopsi" {Reflect Int+4 SH+5}
   (You found it on level 5 of the Pits of Slime)

   [amulet of reflection]

   Reflect:   It reflects blocked missile attacks.
   Int+4:     It affects your intelligence (+4).
   SH+5:      It affects your SH (+5).
 z - the amulet of the Yeti (around neck) {rPois Regen+ Dex+5}
   (You found it in the Desolation of Salt)

   [amulet of regeneration]

   Dex+5:     It affects your dexterity (+5).
   rPois:     It protects you from poison Regen+: It increases your rate of
   health regeneration.
 B - the ring "Luofunk" (right hand) {rElec rF- rN+++ Will+ rCorr}
   (You took it off a necromancer on level 5 of the Vaults)

   [ring of willpower]

   rF-:       It makes you vulnerable to fire.
   rElec:     It insulates you from electricity.
   rN+++:     It renders you almost immune to negative energy.
   Will+:     It increases your willpower.
   rCorr:     It protects you from acid and corrosion.
 O - the ring of the Blue Skies {rC+ rN+ rCorr Str+3}
   (You took it off a deep elf demonologist on level 3 of the Elven Halls)

   [ring of positive energy]

   Str+3:     It affects your strength (+3).
   rC+:       It protects you from cold.
   rN+:       It protects you from negative energy.
   rCorr:     It protects you from acid and corrosion.
 Z - the ring of Saenwiet (left hand) {rPois rF+ rC+ Slay+2}
   (You found it in the Desolation of Salt)

   [ring of protection from cold]

   Slay+2:    It affects your accuracy & damage with ranged weapons and melee
   (+2).
   rF+:       It protects you from fire.
   rC+:       It protects you from cold.
   rPois:     It protects you from poison
Wands
 e - a wand of roots (19)
 q - a wand of digging (9)
 y - a wand of acid (29)
Scrolls
 b - 2 scrolls of butterflies
 h - 2 scrolls of fear
 j - 2 scrolls of poison
 x - a scroll of brand weapon
 L - 11 scrolls of revelation
 M - 4 scrolls of blinking
 P - 34 scrolls of teleportation
 W - 3 scrolls of fog
Potions
 i - 4 potions of might
 o - 12 potions of enlightenment
 s - a potion of magic
 t - 3 potions of brilliance
 v - 6 potions of berserk rage
 w - 3 potions of resistance
 C - 5 potions of cancellation
 D - 6 potions of haste
 E - 3 potions of ambrosia
 I - 14 potions of attraction
 K - a potion of invisibility
 T - 12 potions of curing
Miscellaneous
 A - a phantom mirror


   Skills:
 O Level 27 Fighting
 * Level 22.3(24.5) Axes
 - Level 9.0(16.9) Maces & Flails
 - Level 15.9(21.0) Polearms
 - Level 1.7 Throwing
 + Level 23.2 Armour
 + Level 9.3 Dodging
 - Level 9.8 Shields
 * Level 14.5 Invocations


You had 26 spell levels left.
You didn't know any spells.
Your spell library contained the following spells:

 Spells                   Type           Power      Damage    Failure   Level
 Apportation              Tloc           0%         N/A       99%         1
 Freeze                   Ice            0%         1d3       99%         1
 Kiss of Death            Conj/Necr      0%         2d5       99%         1
 Magic Dart               Conj           0%         1d3       99%         1
 Necrotise                Necr           0%         1d4       99%         1
 Sandblast                Erth           0%         2d4       99%         1
 Shock                    Conj/Air       0%         1d3       99%         1
 Slow                     Hex            0%         N/A       99%         1
 Summon Small Mammal      Summ           0%         N/A       99%         1
 Blink                    Tloc           0%         N/A       100%        2
 Call Imp                 Summ           0%         N/A       100%        2
 Cigotuvi's Dreadful Rot  Necr/Pois/Air  0%         N/A       100%        2
 Ensorcelled Hibernation  Hex/Ice        0%         N/A       100%        2
 Jinxbite                 Hex            0%         N/A       100%        2
 Lesser Beckoning         Tloc           0%         N/A       100%        2
 Passwall                 Tmut/Erth      0%         N/A       100%        2
 Scorch                   Fire           0%         2d5       100%        2
 Static Discharge         Conj/Air       0%         2-2/arc   100%        2
 Sublimation of Blood     Necr           0%         N/A       100%        2
 Wereblood                Tmut           0%         N/A       100%        2
 Call Canine Familiar     Summ           0%         N/A       100%        3
 Confusing Touch          Hex            0%         N/A       100%        3
 Dazzling Flash           Conj/Hex       0%         N/A       100%        3
 Frozen Ramparts          Ice            0%         1d1       100%        3
 Gell's Gravitas          Tloc           0%         N/A       100%        3
 Hailstorm                Conj/Ice       0%         3d3       100%        3
 Ignite Poison            Fire/Tmut/Pois 0%         N/A       100%        3
 Mephitic Cloud           Conj/Pois/Air  0%         N/A       100%        3
 Sigil of Binding         Hex            0%         N/A       100%        3
 Stone Arrow              Conj/Erth      0%         3d7       100%        3
 Summon Guardian Golem    Hex/Summ       0%         N/A       100%        3
 Swiftness                Air            0%         N/A       100%        3
 Teleport Other           Tloc           0%         N/A       100%        3
 Tukima's Dance           Hex            0%         N/A       100%        3
 Vampiric Draining        Necr           0%         2d6       100%        3
 Volatile Blastmotes      Fire/Tloc      0%         2d10      100%        3
 Airstrike                Air            0%         2d(0-16)  100%        4
 Anguish                  Hex/Necr       0%         N/A       100%        4
 Animate Armour           Summ/Erth      0%         N/A       100%        4
 Animate Dead             Necr           0%         N/A       100%        4
 Brom's Barrelling Bould  Conj/Erth      0%         2d3       100%        4
 Cause Fear               Hex            0%         N/A       100%        4
 Dimensional Bullseye     Hex/Tloc       0%         N/A       100%        4
 Dispel Undead            Necr           0%         3d6       100%        4
 Flame Wave               Conj/Fire      0%         2d4       100%        4
 Iskenderun's Mystic Bla  Conj/Tloc      0%         2d3       100%        4
 Leda's Liquefaction      Hex/Erth       0%         N/A       100%        4
 Manifold Assault         Tloc           0%         N/A       100%        4
 Passage of Golubria      Tloc           0%         N/A       100%        4
 Petrify                  Tmut/Erth      0%         N/A       100%        4
 Sticky Flame             Conj/Fire      0%         2d3       100%        4
 Summon Lightning Spire   Summ/Air       0%         N/A       100%        4
 Arcjolt                  Conj/Air       0%         1d10      100%        5
 Borgnjor's Vile Clutch   Necr/Erth      0%         N/A       100%        5
 Fireball                 Conj/Fire      0%         3d3       100%        5
 Freezing Cloud           Conj/Ice/Air   0%         6-21      100%        5
 Iskenderun's Battlesphe  Conj           0%         2d6       100%        5
 Lee's Rapid Deconstruct  Erth           0%         3d4*      100%        5
 Metabolic Englaciation   Hex/Ice        0%         N/A       100%        5
 Silence                  Hex/Air        0%         N/A       100%        5
 Summon Forest            Summ/Tloc      0%         N/A       100%        5
 Summon Mana Viper        Hex/Summ       0%         N/A       100%        5
 Bombard                  Conj/Erth      0%         9d1       100%        6
 Conjure Ball Lightning   Conj/Air       0%         3x3d6     100%        6
 Death Channel            Necr           0%         N/A       100%        6
 Dispersal                Tloc           0%         N/A       100%        6
 Simulacrum               Ice/Necr       0%         N/A       100%        6
 Starburst                Conj/Fire      0%         6d3       100%        6
 Summon Cactus Giant      Summ           0%         N/A       100%        6
 Enfeeble                 Hex            0%         N/A       100%        7
 Haunt                    Necr/Summ      0%         N/A       100%        7
 Malign Gateway           Summ/Tloc      0%         N/A       100%        7
 Orb of Destruction       Conj           0%         9d5       100%        7
 Ozocubu's Refrigeration  Ice            0%         4d7       100%        7
 Spellforged Servitor     Conj/Summ      0%         N/A       100%        7
 Summon Hydra             Summ           0%         N/A       100%        7
 Borgnjor's Revivificati  Necr           0%         N/A       100%        8
 Disjunction              Tloc           0%         N/A       100%        8
 Ignition                 Fire           0%         3d3       100%        8
 Lehudib's Crystal Spear  Conj/Erth      0%         10d2      100%        8
 Maxwell's Capacitive Co  Air            0%         ∞         100%        8
 Summon Horrible Things   Summ           0%         N/A       100%        8
 Chain Lightning          Conj/Air       0%         N/A       100%        9
 Death's Door             Necr           0%         N/A       100%        9
 Dragon's Call            Summ           0%         N/A       100%        9
 Polar Vortex             Ice            0%         N/A       100%        9


Dungeon Overview and Level Annotations

Branches:
Dungeon (15/15)            Temple (0/1) D:6            Lair (5/5) D:8
  Swamp (4/4) Lair:3       Spider (4/4) Lair:2        Slime (5/5) Lair:4
    Orc (2/2) D:12            Elf (3/3) Orc:2        Vaults (5/5) D:14
  Crypt (3/3) Vaults:2       Tomb (2/3) Crypt:3      Depths (4/4) D:15
    Zot (0/5) Depths:4    Ossuary (visited)          Bailey (visited)
 WizLab (visited)         Desolation (visited)

Altars:
Ashenzari
Fedhas
Hepliaklqana
Kikubaaqudgha
Makhleb
Okawaru
Qazlal
Ru
Sif Muna
Uskayaw
Yredelemnul
Jiyva

Shops:
D:3 !   D:6 (   D:10 (   Orc:2 [*=(   Elf:3 ?   Vaults:2 =   Vaults:4 ([

Portals:
Hell: Depths:1 Depths:2 Depths:3 Depths:4
Abyss: Elf:1 Depths:3 Depths:4
Pandemonium: Depths:2
Ziggurat: Depths:2
Trove: D:10 (give +5 ice dragon scales)

Annotations:
D:15 2 transporters, Ytwo Fev's ghost, adept HuIE
Elf:1 2 transporters, scionoferis's ghost, adept HOMo
Crypt:1 1 runed translucent door, Vailuoroe's ghost, veteran GrEE


Innate Abilities, Weirdness & Mutations

You have hooves in place of feet.
You are completely covered in yellow scales. (AC +4, rCorr)
You regenerate a lot of health from kills.
Your magical and physical power is greatly enhanced at high health.
When hurt, damage is shared between your health and your magic reserves.
You regenerate magic rapidly.
When low on magic, you restore magic in place of health.
You have a beak for a mouth.
You are partially covered in large bone plates. (SH +4)
You are clumsy. (Dex -2)
You passively map a small area around you.
You are vulnerable to cold. (rC-)


Message History

You slice the royal mummy!! You kick the royal mummy!
You peck the royal mummy, but do no damage.
The royal mummy is almost destroyed.
You hit the death scarab.
You hit the emperor scorpion but do no damage.
The death scarab closely misses you.
The death scarab sets off the alarm!
The alarm trap emits a blaring wail!
A sentinel's mark forms upon you. The royal mummy hits you!
* * * LOW HITPOINT WARNING * * *
You feel more protected from physical attacks.
The emperor scorpion stings you but does no damage.
You block the emperor scorpion's attack.
The emperor scorpion closely misses you.
The royal mummy hits you but does no damage.
You slice the royal mummy!!
You kick the royal mummy, but do no damage.
The royal mummy is almost destroyed.
You slice the emperor scorpion!! You drain the emperor scorpion.
You slash the death scarab!
The death scarab disappears in a puff of smoke!
The death scarab bites you.
* * * LOW HITPOINT WARNING * * *
The death scarab closely misses you.
The emperor scorpion stings you but does no damage.
You block the emperor scorpion's attack. x2
The emperor scorpion is engulfed in a thunderstorm.
The royal mummy gestures wildly while chanting. x2
The emperor scorpion stings you but does no damage.
The emperor scorpion claws you but does no damage. x2
Unknown command.
You completely miss the royal mummy. You kick the royal mummy.
You destroy the royal mummy!
Qazlal accepts your kill.
The emperor scorpion disappears in a puff of smoke! x2
The death scarab disappears in a puff of smoke!
The emperor scorpion disappears in a puff of smoke! x2
You feel extremely nervous for a moment...
Pain shoots through your body!
You die...

..# ,, , *#.......# , ..# ,.....'
* #.8...8.# * ..# , ..≈..
,*#.......# , , ..# ,. ....
#.......# , ..# , #.##..3 ,
#.8.).8.#*, ..# ^ , ,#.s§ss4
#.......# ..# ,.#.sB§B,
*#..)....# ^,, ..# +
...≈BM'####.8...8.#** ..# , , ,,
#@§##.......# ,* ..# , ,
,#§§##...)...# , ..# ** **
***#####.8...8.#* * *
..##################.....[.######
.................................
.....................8...8.......
.................................
...........................(....(
.................................


You could see a royal mummy, 4 emperor scorpions, a soul eater (summoned) and 3
death scarabs.

Vanquished Creatures
  Dissolution (Slime:2)
  the Royal Jelly (Slime:5)
  An ancient lich (Vaults:5)
  Khufu (Crypt:3)
  Mennas (Crypt:2)
  13 royal mummies
  Josephina (Depths:2)
  Sojobo (Depths:4)
  A shard shrike (Depths:2)
  Frederick (Vaults:4)
  Bai Suzhen (Spider:3)
  7 golden dragons
  2 profane servitors (Crypt:3)
  Rupert (D:14)
  4 iron giants (Depths:2)
  6 tentacled monstrosities
  3 hellephants (Depths:2)
  Mlioglotl (Swamp:3)
  6 liches
  6 titans
  5 deep elf blademasters
  3 deep elf master archers (Elf:3)
  9 sphinxes
  A thorn hunter (Swamp:4)
  12 ancient champions
  16 acid blobs
  5 tengu reavers
  Kirke (Lair:3)
  7 shadow dragons
  7 storm dragons
  14 azure jellies
  A revenant (Tomb:1)
  Roxanne (Swamp:2)
  The ghost of Lirufu the Thaumaturge, an adept GrEE of Gozag (Spider:4)
  A draconian knight (Depths:4)
  24 fire giants
  15 frost giants
  A fenstrider witch (Swamp:4)
  6 deep elf sorcerers
  17 vault wardens
  9 rockslimes
  3 imperial myrmidons (Desolation)
  6 deep elf elementalists (Elf:3)
  8 emperor scorpions
  A curse skull (Crypt:1)
  9 ghouls
  A draconian shifter (Depths:4)
  5 iron dragons
  An orc warlord (Vaults:4)
  8 war gargoyles
  A broodmother (Spider:3)
  25 very ugly things
  4 reapers
  2 ghost moths
  7 formless jellyfish
  24 ironbound preservers
  13 stone giants
  7 ironbound thunderhulks
  A green draconian (Depths:4)
  8 bennus
  8 vampire knights
  8 quicksilver oozes
  2 deep elf annihilators (Elf:3)
  5 deep elf demonologists
  Nessos (D:14)
  29 dire elephants
  A halazid warlock (Desolation)
  A black draconian (Depths:4)
  4 spark wasps
  A yellow draconian (Depths:4)
  4 bunyips (Swamp:4)
  A purple draconian (Depths:4)
  2 crystal guardians (Desolation)
  14 deep elf death magi
  A merfolk javelineer (Depths:4)
  An orange crystal statue (WizLab)
  8 eidola
  12 ettins
  2 red draconians (Depths:4)
  Snorg (D:10)
  9 fire dragons
  A blizzard demon (Depths:3)
  3 shambling mangroves
  An ettin (shapeshifter) (Vaults:5)
  10 jiangshi
  6 yaktaur captains
  14 mummy priests
  7 great orbs of eyes
  9 entropy weavers
  7 ragged hierophants (Desolation)
  43 vault guards
  A spriggan zombie (Tomb:1)
  A great orb of eyes (shapeshifter) (D:14)
  Harold (D:10)
  4 servants of whispers (Desolation)
  5 ice dragons
  5 spriggan air magi
  5 peacekeepers
  5 deep elf high priests
  Fannar (D:10)
  A ghost crab (Swamp:2)
  3 ogre magi
  2 rakshasas
  23 hydras
  10 alligators
  A juggernaut simulacrum (Crypt:3)
  2 caustic shrike simulacra (Depths:2)
  A jorogumo (Spider:3)
  3 radroaches
  14 centaur warriors
  4 two-headed ogres
  8 ironbound frosthearts
  4 death knights
  6 boulder beetles
  A two-headed ogre (shapeshifter) (Vaults:1)
  7 hell hogs (Depths:2)
  5 death yaks (Lair:4)
  6 death scarabs (Tomb:1)
  8 demonic crawlers
  5 spriggan berserkers
  3 orc high priests (Orc:2)
  4 deep troll shamans
  9 deep troll earth magi
  8 tengu warriors
  Urug (Lair:4)
  18 dancing weapons
  6 vampire magi
  A storm dragon zombie (Crypt:3)
  Sonja (Lair:4)
  2 spectral emperor scorpions (Spider:4)
  13 hell knights
  39 skeletal warriors
  A sixfirhy (Depths:2)
  A fire crab (shapeshifter) (D:14)
  20 deep elf knights
  7 pharaoh ants
  3 shadow wraiths
  A storm dragon skeleton (Crypt:3)
  2 skysharks
  65 deep trolls
  6 goliath frogs
  2 sun moths (Spider:4)
  Amaemon (Lair:1)
  4 iron trolls
  4 large abominations (Elf:1)
  5 spriggan druids
  A death drake (Swamp:4)
  2 glowing orange brains
  12 swamp dragons
  13 deep elf archers
  117 slime creatures
  10 wizards
  12 lindwurms
  A shadow dragon zombie (Crypt:3)
  25 ironbound convokers
  4 orb spiders
  A spectral broodmother (Spider:4)
  6 flayed ghosts
  6 bog bodies
  16 phantasmal warriors
  7 steelbarb worms
  An iron giant skeleton (Crypt:3)
  8 harpies
  A bunyip skeleton (Tomb:2)
  21 deep elf pyromancers
  2 necromancers
  16 orc knights
  25 deep elf zephyrmancers
  13 wolf spiders
  5 orc sorcerers
  5 cyclopes
  A manticore (D:14)
  9 shining eyes
  An alligator skeleton (Crypt:3)
  41 ugly things
  2 will-o-the-wisps (Swamp:3)
  An eleionoma skeleton (Crypt:1)
  Maurice (D:10)
  A dire elephant zombie (Crypt:3)
  8 elephants
  20 vault sentinels
  4 eyes of devastation
  2 gargoyles
  2 orange demons
  2 moths of wrath (Spider:3)
  A molten gargoyle (Desolation)
  5 black mambas
  3 guardian serpents (Desolation)
  15 cane toads
  2 torpor snails
  A smoke demon (Depths:2)
  A green draconian zombie (Crypt:2)
  A death yak zombie (Crypt:2)
  Jeremiah (D:6)
  14 freezing wraiths
  23 yaktaurs
  A dire elephant skeleton (Crypt:3)
  An unseen horror (D:13)
  A grey draconian zombie (Crypt:1)
  5 rime drakes
  5 komodo dragons
  A yellow draconian skeleton (Crypt:1)
  2 ghost moth simulacra (Spider:4)
  A purple draconian skeleton (Crypt:3)
  An alligator snapping turtle skeleton (Crypt:2)
  18 guardian mummies
  A redback zombie (Crypt:2)
  A queen bee (shapeshifter) (Vaults:5)
  A tengu simulacrum (Depths:2)
  A death yak skeleton (Crypt:1)
  3 meliai (Spider:4)
  A polar bear (Lair:3)
  6 trolls
  15 tarantellas
  A bloated husk (Swamp:3)
  A mana viper skeleton (Crypt:1)
  A queen bee (D:11)
  Grinder (D:6)
  7 tyrant leeches
  A jorogumo simulacrum (Spider:4)
  22 hornets
  A guardian serpent zombie (Crypt:2)
  38 saltlings
  An ettin zombie (Crypt:3)
  35 blink frogs
  9 jumping spiders
  A slime creature (shapeshifter) (Vaults:5)
  A fire giant simulacrum (Depths:2)
  11 flying skulls
  13 culicivoras
  4 vampires
  A shadow (D:11)
  17 spriggans
  An air elemental (Elf:2)
  54 yaks
  4 fire elementals
  10 water elementals
  7 wraiths
  A centaur simulacrum (D:15)
  4 wyverns
  3 hogs
  14 humans (D:14)
  8 ushabtiu
  2 black mamba skeletons
  5 golden eyes (Slime:2)
  A steam dragon (D:8)
  6 basilisks
  32 redbacks
  A chaos spawn (Depths:2)
  24 vampire mosquitoes
  A harpy simulacrum (Tomb:1)
  17 swamp worms
  5 wargs
  An acid dragon (D:9)
  11 water moccasins
  3 floating eyes
  A water nymph skeleton (Crypt:2)
  5 swamp drakes (Swamp:4)
  30 orc warriors
  A radroach simulacrum (Spider:4)
  4 black bears
  A snapping turtle zombie (Crypt:1)
  A sky beast (D:7)
  7 ogres
  20 wolves
  4 boggarts (Vaults:1)
  10 centaurs
  7 kobold brigands
  A hog skeleton (Crypt:2)
  A phantom (D:5)
  3 elf zombies
  An earth elemental (Elf:3)
  22 bullfrogs
  A human simulacrum (Depths:2)
  12 scorpions
  4 necrophages (Lair:4)
  3 water moccasin zombies (Ossuary)
  6 wights
  32 killer bees
  2 spriggan skeletons
  7 howler monkeys
  A crimson imp (D:9)
  A wolf skeleton (Crypt:1)
  A basilisk zombie (Crypt:3)
  6 hounds
  4 human zombies (Crypt:1)
  14 orc priests
  A centaur skeleton (Crypt:3)
  A gnoll bouda (D:7)
  A human skeleton (Crypt:1)
  5 jellies
  2 sleepcaps
  Jessica (D:2)
  5 iguanas
  21 orc wizards
  6 hell rats (Lair:1)
  A tengu zombie (Crypt:2)
  An ogre zombie (Crypt:1)
  32 mummies
  7 adders
  A river rat (Lair:1)
  A shadow imp (D:6)
  A white imp (D:9)
  3 ufetubi
  6 adder zombies (Ossuary)
  An adder skeleton (Crypt:3)
  3 worms
  3 dart slugs (D:1)
  56 orcs
  7 endoplasms
  2 giant cockroaches
  3 gnoll zombies (Ossuary)
  12 goblins
  7 hobgoblins
  8 jackals
  19 kobolds
  4 quokkas
  5 ball pythons
  18 bats
  3 frilled lizards (D:1)
  6 hobgoblin zombies (Ossuary)
  4 kobold zombies (Ossuary)
  6 orc zombies (Ossuary)
  5 rats
2353 creatures vanquished.

Vanquished Creatures (collateral kills)
  3 acid blobs
  Aizul (Elf:3)
  A rockslime (Slime:5)
  A vault warden (Vaults:1)
  A quicksilver ooze (Slime:5)
  A dire elephant (Vaults:1)
  A ragged hierophant (Elf:1)
  A great orb of eyes (Slime:5)
  3 servants of whispers (Desolation)
  An alligator (Swamp:4)
  A dancing weapon (Elf:2)
  A spectral emperor scorpion (Spider:4)
  An orb spider (Spider:2)
  A deep troll (Vaults:1)
  A swamp dragon (Vaults:1)
  A deep elf zephyrmancer (Elf:1)
  An orc knight (Orc:2)
  An ugly thing (D:15)
  2 deep elf pyromancers
  A shining eye (Slime:2)
  A manticore (D:15)
  A vault sentinel (Vaults:1)
  An eye of devastation (Slime:2)
  4 cane toads (Lair:5)
  A komodo dragon (Lair:5)
  A ghost moth simulacrum (Spider:4)
  A troll (D:12)
  5 meliai
  A tarantella (Spider:4)
  4 tyrant leeches
  9 saltlings (Desolation)
  2 hornets (Swamp:4)
  9 blink frogs (Lair:5)
  20 slime creatures
  3 culicivoras
  A spriggan (Swamp:4)
  A wyvern (Lair:5)
  5 yaks (Lair:5)
  A basilisk (Lair:5)
  Grum (D:10)
  2 humans (D:14)
  A redback (Spider:1)
  A vampire mosquito (Lair:5)
  2 swamp worms
  An orc warrior (D:15)
  An ogre (Orc:1)
  3 killer bees (D:11)
  An electric eel (Lair:5)
  An orc wizard (Orc:2)
  5 orcs
115 creatures vanquished.

Vanquished Creatures (others)
  A deep elf knight (Elf:3)
  A wizard (D:10)
  A deep elf zephyrmancer (Elf:1)
  2 ugly things
  A guardian mummy (Tomb:2)
  A bloated husk (Swamp:2)
  A flying skull (Tomb:2)
  A culicivora (Spider:4)
  A butterfly (D:7)
10 creatures vanquished.

Grand Total: 2478 creatures vanquished

Notes
Turn   | Place    | Note
-------+----------+-------------------------------------------
     0 | D:1      | rageheart7 the Demonspawn Gladiator began the quest for the
                  | Orb.
     0 | D:1      | Reached XP level 1. HP: 16/16 MP: 1/1
   279 | D:1      | Gained mutation: You are partially covered in yellow
                  | scales. (AC +2) [demonic ancestry]
   279 | D:1      | Reached XP level 2. HP: 17/23 MP: 2/2
   933 | D:1      | Reached skill level 3 in Fighting
   979 | D:1      | Gained mutation: You have large cloven feet. [demonic
                  | ancestry]
   979 | D:1      | Reached XP level 3. HP: 29/29 MP: 3/3
  1228 | D:2      | Noticed Jessica
  1243 | D:2      | Killed Jessica
  1376 | D:2      | Noticed a scorpion
  1387 | D:2      | Killed a scorpion
  1388 | D:2      | Reached skill level 4 in Fighting
  1388 | D:2      | Gained mutation: You are mostly covered in yellow scales.
                  | (AC +3) [demonic ancestry]
  1388 | D:2      | Reached XP level 4. HP: 24/37 MP: 4/4
  1504 | D:2      | Identified a scroll of acquirement
  1576 | D:2      | Reached XP level 5. HP: 43/43 MP: 5/5
  2161 | D:3      | Acquired the ring of Zouh {rF+++ rC+ Str-5 Dex+3 Stlth+}
  2233 | D:3      | Found an iron altar of Okawaru.
  2363 | D:3      | Found Valid's Distillery.
  2371 | D:3      | Bought a potion of curing for 30 gold pieces
  2371 | D:3      | Bought a potion of heal wounds for 50 gold pieces
  2371 | D:3      | Bought a potion of lignification for 30 gold pieces
  2665 | D:3      | Found a stormy altar of Qazlal.
  2676 | D:3      | Became a worshipper of Qazlal Stormbringer
  2696 | D:3      | Reached skill level 5 in Fighting
  2940 | D:4      | Found a hide-covered altar of Uskayaw.
  3156 | D:4      | Gained mutation: You regenerate a little health from kills.
                  | [demonic ancestry]
  3156 | D:4      | Reached XP level 6. HP: 51/51 MP: 6/6
  3382 | D:5      | Entered Level 5 of the Dungeon
  3410 | D:5      | Reached skill level 6 in Fighting
  3435 | D:5      | Found a sand-covered staircase.
  3445 | Ossuary  | Entered an ossuary
  3455 | Ossuary  | Reached * piety under Qazlal
  3478 | Ossuary  | Reached skill level 1 in Axes
  3490 | Ossuary  | Gained mutation: You have hoof-like feet. [demonic
                  | ancestry]
  3490 | Ossuary  | Reached XP level 7. HP: 58/58 MP: 7/7
  3690 | D:5      | Noticed a two-headed ogre
  3709 | D:5      | Killed a two-headed ogre
  3710 | D:5      | Reached skill level 8 in Fighting
  3710 | D:5      | Gained mutation: You regenerate magic rapidly. [demonic
                  | ancestry]
  3710 | D:5      | Reached XP level 8. HP: 68/68 MP: 8/8
  3713 | D:5      | Reached ** piety under Qazlal
  3731 | D:5      | Reached skill level 5 in Axes
  3829 | D:5      | Reached XP level 9. HP: 66/74 MP: 9/9
  4409 | D:6      | Found a shimmering blue altar of Sif Muna.
  4427 | D:6      | Noticed Jeremiah
  4475 | D:6      | Killed Jeremiah
  4501 | D:6      | Noticed Grinder
  4508 | D:6      | Paralysed by Grinder for 4 turns
  4513 | D:6      | Paralysed by Grinder for 4 turns
  4521 | D:6      | Killed Grinder
  4522 | D:6      | Reached skill level 1 in Polearms
  4522 | D:6      | Reached skill level 1 in Armour
  4559 | D:6      | Identified the scarf of Weightlessness {shadows, Dex+3}
  4691 | D:6      | Reached *** piety under Qazlal
  4762 | D:6      | Found a staircase to the Ecumenical Temple.
  4871 | D:6      | Found Sehinef's Antique Weapon Boutique.
  5033 | D:6      | Found a faded altar of an unknown god.
  5036 | D:6      | Found a hazy altar of Hepliaklqana.
  5036 | D:6      | Found a faded altar of an unknown god.
  5179 | D:7      | Found a flagged portal.
  5260 | D:7      | Gained mutation: When hurt, damage is shared between your
                  | health and your magic reserves. [demonic ancestry]
  5260 | D:7      | Reached XP level 10. HP: 50/80 MP: 10/10
  5441 | Bailey   | Entered a bailey
  5535 | Bailey   | Identified the +0 chain mail of Kosmuur {Int+2}
  5565 | Bailey   | Reached **** piety under Qazlal
  5566 | Bailey   | Reached skill level 5 in Polearms
  5566 | Bailey   | Reached skill level 5 in Armour
  5612 | Bailey   | Found an iron altar of Okawaru.
  6156 | D:7      | Upgraded the game from 0.31-a0-818-ge7c7cf74f0 to
                  | 0.31-a0-844-gdc52ec4e09
  6628 | D:8      | Found a staircase to the Lair.
  6866 | D:9      | Noticed a two-headed ogre
  6877 | D:9      | Killed a two-headed ogre
  6878 | D:9      | Reached XP level 11. HP: 85/86 MP: 11/11
  7074 | D:9      | Found a broken altar of Ashenzari.
  7175 | D:9      | Found a basalt altar of Yredelemnul.
  7247 | D:9      | Found a sacrificial altar of Ru.
  7592 | D:9      | Got a blackened book
  7813 | D:10     | Entered Level 10 of the Dungeon
  7825 | D:10     | Found Tauhisor's Weapon Emporium.
  7826 | D:10     | Noticed Fannar
  7881 | Lair:1   | Entered Level 1 of the Lair of Beasts
  7921 | Lair:1   | Reached ***** piety under Qazlal
  7968 | Lair:1   | Noticed Amaemon
  8014 | Lair:1   | Killed Amaemon
  8894 | Lair:1   | Reached skill level 5 in Maces & Flails
  8953 | Lair:1   | Reached XP level 12. HP: 55/92 MP: 7/12
  9307 | Lair:2   | Found a hole to the Spider Nest.
  9543 | Lair:2   | Identified the +4 scimitar of the Goat {venom, rElec}
  9704 | Lair:2   | Acquired 1021 gold pieces
  9773 | Lair:3   | Reached skill level 10 in Armour
  9890 | Lair:3   | Noticed Kirke
  9962 | Lair:3   | Killed Kirke
  9997 | Lair:3   | Noticed a six-headed hydra
 10027 | Lair:3   | Killed a six-headed hydra
 10102 | Lair:3   | Found a staircase to the Swamp.
 10168 | Lair:3   | Found the +16 obsidian axe {drain, demonic, Mesm Drain Fly
                  | SInv}
 10972 | Lair:4   | Reached skill level 1 in Invocations
 10972 | Lair:4   | Noticed Sonja
 11069 | Lair:4   | Killed Sonja
 11190 | Lair:4   | Noticed Urug
 11214 | Lair:4   | Killed Urug
 11215 | Lair:4   | Reached XP level 13. HP: 37/99 MP: 6/15
 11731 | Lair:4   | Found a viscous altar of Jiyva.
 11791 | Lair:4   | Found a staircase to the Slime Pits.
 12166 | Lair:5   | Entered Level 5 of the Lair of Beasts
 12290 | Lair:4   | Reached skill level 9 in Fighting
 12290 | Lair:4   | Reached skill level 5 in Invocations
 12576 | Lair:4   | Reached ****** piety under Qazlal
 12784 | Lair:4   | Reached skill level 10 in Axes
 13107 | D:10     | Noticed Snorg
 13121 | D:10     | Killed Snorg
 13128 | D:10     | Reached skill level 10 in Fighting
 13148 | D:10     | Killed Fannar
 13187 | D:10     | Noticed Harold
 13255 | D:10     | Reached XP level 14. HP: 108/110 MP: 7/20
 13272 | D:10     | Killed Harold
 13362 | D:10     | Noticed Maurice
 13374 | D:10     | Killed Maurice
 13407 | D:10     | Noticed Grum
 13418 | D:10     | Killed Grum
 13497 | D:10     | Found a portal to a secret trove of treasure.
 13553 | D:10     | Found a blossoming altar of Fedhas.
 13885 | D:10     | Found a burning altar of Makhleb.
 14038 | D:11     | Reached skill level 1 in Shields
 14596 | D:12     | Found a staircase to the Orcish Mines.
 14770 | D:12     | Identified the +1 quarterstaff of Tougikk {drain, rF++
                  | rCorr Dex-2}
 15501 | Lair:5   | Reached skill level 10 in Invocations
 15604 | Lair:5   | Found the +3 Mad Mage's Maulers {Infuse+∞ VampMP -Cast}
 16588 | D:13     | Reached skill level 11 in Fighting
 17301 | D:13     | Acquired a manual of Polearms
 17447 | D:14     | Noticed Nessos
 17456 | D:14     | Gained mutation: You have hooves in place of feet. [demonic
                  | ancestry]
 17456 | D:14     | Reached XP level 15. HP: 103/118 MP: 2/23
 17459 | D:14     | Killed Nessos
 17462 | D:14     | Reached skill level 10 in Polearms
 17827 | D:14     | Paralysed by a great orb of eyes for 3 turns
 18042 | D:14     | Found a gate to the Vaults.
 18260 | D:14     | Noticed Rupert
 18269 | D:14     | Killed Rupert
 18595 | D:15     | Entered Level 15 of the Dungeon
 18902 | D:15     | Found a stormy altar of Qazlal.
 19090 | D:15     | Noticed Ytwo Fev's ghost (adept HuIE)
 19109 | D:15     | Found a transporter.
 19112 | D:15     | Found a transporter.
 19169 | D:15     | Found a staircase to the Depths.
 20045 | Orc:1    | Entered Level 1 of the Orcish Mines
 20268 | Orc:2    | Entered Level 2 of the Orcish Mines
 20447 | Orc:2    | Found a staircase to the Elven Halls.
 20581 | Orc:2    | Reached skill level 15 in Polearms
 20851 | Orc:2    | Found Byawkyt's Armour Shop.
 20855 | Orc:2    | Found Tuveum's Jewellery Emporium.
 20863 | Orc:2    | Found Cauptuf's Weapon Emporium.
 20865 | Orc:2    | Found Guzuet Luim's General Store.
 20873 | Orc:2    | Bought a scroll of teleportation for 39 gold pieces
 20873 | Orc:2    | Bought a potion of haste for 130 gold pieces
 20873 | Orc:2    | Bought a scroll of teleportation for 39 gold pieces
 20988 | Orc:1    | Gained mutation: You regenerate health from kills. [demonic
                  | ancestry]
 20988 | Orc:1    | Reached XP level 16. HP: 121/125 MP: 1/24
 21493 | Swamp:1  | Entered Level 1 of the Swamp
 22186 | Swamp:1  | Gained mutation: Your mind is acute. (Int +4, Str/Dex -1)
                  | [potion of mutation]
 22186 | Swamp:1  | Gained mutation: You sometimes lose your temper in combat.
                  | [potion of mutation]
 22186 | Swamp:1  | Gained mutation: A frigid envelope surrounds you and
                  | freezes all who hurt you. [potion of mutation]
 22186 | Swamp:1  | Gained mutation: Your muscles are strong. (Str +4, Int/Dex
                  | -1) [potion of mutation]
 22446 | Swamp:2  | Noticed Roxanne
 22891 | Swamp:2  | Killed Roxanne
 22981 | Swamp:3  | Reached skill level 5 in Shields
 22982 | Swamp:3  | Noticed Mlioglotl
 22991 | Swamp:3  | Killed Mlioglotl
 23721 | Swamp:3  | Reached skill level 12 in Fighting
 23998 | Swamp:4  | Entered Level 4 of the Swamp
 24082 | Swamp:4  | Reached skill level 13 in Fighting
 24084 | Swamp:4  | Noticed a thorn hunter
 24092 | Swamp:4  | Killed a thorn hunter
 24106 | Swamp:4  | Reached XP level 17. HP: 137/137 MP: 1/25
 24330 | Swamp:4  | Identified the +9 arbalest "Istineq" {flame, rElec rC-
                  | Str+3}
 24731 | Swamp:4  | Got a decaying rune of Zot
 25184 | Spider:1 | Entered Level 1 of the Spider Nest
 25489 | Spider:1 | Reached skill level 14 in Fighting
 25861 | Spider:1 | Identified the +6 orcbow of Focus {drain, rF+}
 26072 | Spider:2 | Identified the +0 chain mail "Ilyiruethre" {rPois}
 27321 | Spider:3 | Reached skill level 15 in Armour
 27405 | Spider:3 | Reached skill level 15 in Fighting
 28006 | Spider:3 | Noticed Bai Suzhen
 28025 | Spider:3 | Killed Bai Suzhen
 28478 | Spider:4 | Entered Level 4 of the Spider Nest
 28711 | Spider:4 | Gained mutation: Your magical and physical power is
                  | slightly enhanced at high health. [demonic ancestry]
 28711 | Spider:4 | Reached XP level 18. HP: 138/149 MP: 1/26
 28892 | Spider:4 | Reached skill level 16 in Fighting
 29144 | Spider:4 | Identified the +0 hat of the Echidna {+Inv MP+9}
 29148 | Spider:4 | Got a gossamer rune of Zot
 29307 | Spider:4 | Found a runed translucent gate.
 29307 | Spider:4 | Found a runed translucent gate.
 29308 | Spider:4 | Found a runed translucent gate.
 29308 | Spider:4 | Noticed Lirufu's ghost (adept GrEE)
 29367 | Spider:4 | Lost mutation: A frigid envelope surrounds you and freezes
                  | all who hurt you. [potion of mutation]
 29367 | Spider:4 | Lost mutation: You sometimes lose your temper in combat.
                  | [potion of mutation]
 29367 | Spider:4 | Lost mutation: Your mind is acute. (Int +4, Str/Dex -1)
                  | [potion of mutation]
 29367 | Spider:4 | Gained mutation: Your spells are a little harder to cast,
                  | but a little more powerful. [potion of mutation]
 29367 | Spider:4 | Gained mutation: You are frail. (-10% HP) [potion of
                  | mutation]
 29368 | Spider:4 | Lost mutation: Your spells are a little harder to cast, but
                  | a little more powerful. [potion of mutation]
 29368 | Spider:4 | Lost mutation: You are frail. (-10% HP) [potion of
                  | mutation]
 29368 | Spider:4 | Gained mutation: You are frail. (-10% HP) [potion of
                  | mutation]
 29369 | Spider:4 | Lost mutation: Your muscles are strong. (Str +4, Int/Dex
                  | -1) [potion of mutation]
 29369 | Spider:4 | Lost mutation: You are frail. (-10% HP) [potion of
                  | mutation]
 29369 | Spider:4 | Gained mutation: You do not regenerate when monsters are
                  | visible. [potion of mutation]
 29369 | Spider:4 | Gained mutation: Your mind is acute. (Int +4, Str/Dex -1)
                  | [potion of mutation]
 29382 | Spider:4 | Killed Lirufu's ghost
 29408 | Spider:4 | Lost mutation: Your mind is acute. (Int +4, Str/Dex -1)
                  | [potion of mutation]
 29408 | Spider:4 | Lost mutation: You do not regenerate when monsters are
                  | visible. [potion of mutation]
 29408 | Spider:4 | Gained mutation: You expend magic power (3 MP) to
                  | strengthen your wands. [potion of mutation]
 29745 | Elf:1    | Entered Level 1 of the Elven Halls
 29792 | Elf:1    | Found a crumbling gateway.
 29810 | Desolati | Entered the Desolation of Salt
 30069 | Desolati | Identified the amulet of the Yeti {rPois Regen+ Dex+5}
 30275 | Desolati | Identified the +4 mace of Kolu {venom, rN+ Int+5 Dex+2}
 30420 | Desolati | Got a conspicuous book
 30424 | Desolati | Got a tattered book
 30448 | Desolati | Found the +10 dark maul {heavy}
 30450 | Desolati | Identified the +5 chain mail of the Illusory Knives {rPois
                  | rN+}
 30528 | Desolati | Identified the ring of Juig Xaufoh {rC+ rN+ Str+6}
 30530 | Desolati | Identified the ring of Saenwiet {rPois rF+ rC+ Slay+2}
 30564 | Desolati | Identified the ring "Sianija" {rPois rC+}
 30618 | Desolati | Identified the amulet "Baost" {RegenMP +Inv rPois Will+}
 30621 | Desolati | Got a conspicuous book
 30994 | Elf:1    | Reached skill level 15 in Axes
 31108 | Elf:1    | Gained mutation: Your magical and physical power is
                  | enhanced at high health. [demonic ancestry]
 31108 | Elf:1    | Reached XP level 19. HP: 157/157 MP: 6/28
 31697 | Elf:1    | Noticed scionoferis's ghost (adept HOMo)
 31707 | Elf:1    | Found a transporter.
 31709 | Elf:1    | Identified the ring "Nowim" {Will+ MP+9 Str-4 Dex+3}
 31726 | Elf:1    | Found a transporter.
 31749 | Elf:1    | Found a one-way gate to the infinite horrors of the Abyss.
 32173 | Elf:2    | Paralysed by an air elemental for 1 turns
 32288 | Elf:2    | Identified the +0 scale mail "Eneithrit" {Drain +Blink
                  | Int+7}
 32567 | Elf:2    | Found a runed translucent gate.
 32568 | Elf:2    | Found a runed translucent gate.
 32568 | Elf:2    | Found a runed translucent gate.
 33174 | Elf:3    | Entered Level 3 of the Elven Halls
 33178 | Elf:3    | Noticed Aizul
 33189 | Elf:3    | Killed Aizul
 33706 | Elf:3    | Found Ginizufa's Magic Scroll Boutique.
 33715 | Elf:3    | Bought a scroll of enchant weapon for 82 gold pieces
 33715 | Elf:3    | Bought a scroll of teleportation for 33 gold pieces
 33715 | Elf:3    | Bought a scroll of blinking for 82 gold pieces
 33715 | Elf:3    | Bought a scroll of teleportation for 33 gold pieces
 34454 | Elf:3    | Identified the ring "Cabadop" {rElec rC+}
 34515 | Elf:3    | Identified the ring of Daisies {*Corrode Fly rN+ Will+
                  | SInv}
 34527 | Elf:3    | Identified the ring of the Blue Skies {rC+ rN+ rCorr Str+3}
 34597 | Elf:3    | Identified the ring "Huublu" {*Slow MP+9 Str+6 Dex+2}
 34717 | Elf:3    | Identified the +2 pair of boots of the Game of Kings
                  | {+Blink}
 34825 | Elf:3    | Got a fusty book
 35297 | Slime:1  | Entered Level 1 of the Pits of Slime
 35586 | Slime:2  | Paralysed by a floating eye for 2 turns
 35604 | Slime:2  | Reached XP level 20. HP: 164/164 MP: 2/29
 36069 | Slime:2  | Noticed Dissolution
 36071 | Slime:2  | Paralysed by a formless jellyfish for 1 turns
 36078 | Slime:2  | Paralysed by a floating eye for 2 turns
 36085 | Slime:2  | Killed Dissolution
 36420 | Slime:3  | Gained mutation: You are frail. (-10% HP) [a shining eye]
 36428 | Slime:3  | Gained mutation: You sometimes lose your temper in combat.
                  | [a shining eye]
 38043 | Slime:5  | Entered Level 5 of the Pits of Slime
 38051 | Slime:5  | Paralysed by a floating eye for 3 turns
 38057 | Slime:5  | Paralysed by a floating eye for 3 turns
 38058 | Slime:5  | Gained mutation: Potions are less effective at restoring
                  | your health. [a shining eye]
 38059 | Slime:5  | Gained mutation: You are vulnerable to cold. (rC-) [a
                  | shining eye]
 38060 | Slime:5  | Noticed the Royal Jelly
 38078 | Slime:5  | Killed the Royal Jelly
 38082 | Slime:5  | Gained mutation: You passively dampen the noise of your
                  | surroundings. [a shining eye]
 38088 | Slime:5  | Gained mutation: You have hidden genetic defects. [a
                  | shining eye]
 38094 | Slime:5  | HP: 6/220 [azure jelly[the Royal Jelly] (8)]
 38159 | Slime:5  | Found the +6 shillelagh "Devastator" {shatter}
 38183 | Slime:5  | Identified the +0 lajatang "Lyptid" {antimagic, *Rage Str+8
                  | Int+4}
 38317 | Slime:5  | Paralysed by a formless jellyfish for 1 turns
 38362 | Slime:5  | Identified the +4 long sword of Okawaru, Rescuing {freeze,
                  | rElec Int+3}
 38367 | Slime:5  | Identified the amulet "Lopsi" {Reflect Int+4 SH+5}
 38515 | Slime:5  | Identified the staff of the Moon {rF+ rN+ Fire}
 38516 | Slime:5  | Identified the staff "rageheart7's Peril" {rC+ Int+3 Ice}
 38525 | Slime:5  | Identified the +3 leather armour of Tomorrow {rN+ Str+6
                  | Int-3 Stlth+}
 38538 | Slime:5  | Gained mutation: Your magical capacity is low. (-10% MP) [a
                  | shining eye]
 38542 | Slime:5  | Lost mutation: Potions are less effective at restoring your
                  | health. [potion of mutation]
 38542 | Slime:5  | Lost mutation: You have hidden genetic defects. [potion of
                  | mutation]
 38542 | Slime:5  | Lost mutation: You sometimes lose your temper in combat.
                  | [potion of mutation]
 38542 | Slime:5  | Lost mutation: You are frail. (-10% HP) [potion of
                  | mutation]
 38542 | Slime:5  | Gained mutation: You are partially covered in large bone
                  | plates. (SH +4) [potion of mutation]
 38544 | Slime:5  | Lost mutation: Your magical capacity is low. (-10% MP)
                  | [potion of mutation]
 38544 | Slime:5  | Lost mutation: You expend magic power (3 MP) to strengthen
                  | your wands. [potion of mutation]
 38544 | Slime:5  | Gained mutation: You possess an exceptional clarity of
                  | mind. [potion of mutation]
 38544 | Slime:5  | Gained mutation: You have a beak for a mouth. [potion of
                  | mutation]
 38631 | Slime:5  | Gained mutation: You are clumsy. (Dex -2) [a shining eye]
 38793 | Slime:5  | Got a slimy rune of Zot
 39511 | Vaults:1 | Entered Level 1 of the Vaults
 39812 | Vaults:1 | Gained mutation: Your magical and physical power is greatly
                  | enhanced at high health. [demonic ancestry]
 39812 | Vaults:1 | Reached XP level 21. HP: 171/171 MP: 4/30
 40739 | Vaults:1 | Reached skill level 17 in Fighting
 41098 | Vaults:1 | Identified the +7 bardiche of Cheibriados's Favour {heavy,
                  | rN+}
 41102 | Vaults:1 | Identified the +1 short sword of Inazaw Vuqi {flame, Str+2}
 41191 | Vaults:1 | Noticed a golden dragon
 41207 | Vaults:1 | Killed a golden dragon
 42158 | Vaults:2 | Reached skill level 18 in Fighting
 42574 | Vaults:2 | Found a staircase to the Crypt.
 42741 | Vaults:2 | Gained mutation: You regenerate a lot of health from kills.
                  | [demonic ancestry]
 42741 | Vaults:2 | Reached XP level 22. HP: 185/185 MP: 3/31
 43157 | Vaults:2 | Found Abexiocu's Jewellery Shop.
 44608 | Vaults:3 | Reached skill level 19 in Fighting
 46137 | Vaults:4 | Identified the +3 hand axe of Experimentation {freeze,
                  | rPois}
 46303 | Vaults:4 | Reached skill level 20 in Fighting
 46390 | Vaults:4 | Found Geufis's Weapon Shoppe.
 46778 | Vaults:4 | Found Qarad's Antique Armour Shoppe.
 46850 | Vaults:4 | Bought shiny ice dragon scales for 2205 gold pieces
 47448 | Vaults:4 | Noticed Frederick
 47455 | Vaults:4 | Killed Frederick
 47544 | Vaults:4 | Lost mutation: You passively dampen the noise of your
                  | surroundings. [potion of mutation]
 47544 | Vaults:4 | Lost mutation: You possess an exceptional clarity of mind.
                  | [potion of mutation]
 47544 | Vaults:4 | Gained mutation: You passively map a small area around you.
                  | [potion of mutation]
 47554 | Vaults:5 | Entered Level 5 of the Vaults
 47793 | Vaults:5 | Reached skill level 5 in Dodging
 47795 | Vaults:5 | Reached XP level 23. HP: 189/199 MP: 2/32
 47797 | Vaults:5 | Reached skill level 21 in Fighting
 47841 | Vaults:5 | Noticed an ancient lich
 47855 | Vaults:5 | Killed an ancient lich
 47895 | Vaults:5 | Got a silver rune of Zot
 48059 | Vaults:5 | Identified the amulet "Nomilut" {Spirit rCorr Str-5 Stlth+}
 48093 | Vaults:5 | Identified the ring "Luofunk" {rElec rF- rN+++ Will+ rCorr}
 48100 | Vaults:5 | Identified the +10 mace "Umuafuag" {antimagic, rN+}
 48100 | Vaults:5 | Identified the amulet "Lehij" {Spirit Rampage rN+ Dex+3
                  | Slay-2}
 48731 | Vaults:5 | Identified the +6 scale mail of Sibbed {Rampage rPois Str-2
                  | Stlth+}
 48798 | Vaults:5 | Identified the +0 ring mail of the Heavens {rPois rF+++
                  | Int-5 Slay+5}
 48852 | Vaults:5 | Identified the +2 dagger of Soatoi {speed, rPois Will-
                  | rCorr Int+3}
 49557 | Depths:1 | Entered Level 1 of the Depths
 49557 | Depths:1 | Found a magical portal.
 49610 | WizLab   | Entered Wucad Mu's Monastery
 49760 | WizLab   | Found the crystal ball of Wucad Mu {*channel}
 49767 | WizLab   | Reached skill level 22 in Fighting
 49820 | WizLab   | Reached XP level 24. HP: 213/213 MP: 23/32
 49967 | Depths:1 | Reached skill level 23 in Fighting
 50970 | Depths:1 | Found a gateway to Hell.
 51194 | Depths:2 | Gained mutation: You are completely covered in yellow
                  | scales. (AC +4, rCorr) [demonic ancestry]
 51194 | Depths:2 | Reached XP level 25. HP: 194/223 MP: 5/32
 51268 | Depths:2 | Reached skill level 24 in Fighting
 51506 | Depths:2 | Found a runed translucent door.
 51835 | Depths:2 | Identified the ring of Neseug Fadi {Ice rPois}
 51835 | Depths:2 | Noticed Josephina
 51853 | Depths:2 | Killed Josephina
 51953 | Depths:2 | Found a one-way gateway to a ziggurat.
 52130 | Depths:2 | Identified the +7 arbalest "Jahisafa" {drain, rElec Dex+2
                  | Stlth+}
 52146 | Depths:2 | Found a one-way gate leading to the halls of Pandemonium.
 52654 | Depths:2 | Found a runed translucent door.
 52654 | Depths:2 | Noticed a shard shrike
 52659 | Depths:2 | Killed a shard shrike
 52760 | Depths:2 | Identified the ring "Xitaawunk" {Fly EV+5 Int+2 Dex+3}
 52914 | Depths:2 | Got a black book
 52917 | Depths:2 | Got a vellum book
 52919 | Depths:2 | Got a vibrant book
 52923 | Depths:2 | Got a whispering book
 53202 | Depths:3 | Found a shimmering blue altar of Sif Muna.
 53231 | Depths:3 | Reached skill level 25 in Fighting
 53466 | Depths:3 | You fall into a shaft and drop 1 floor!
 53466 | Depths:4 | Entered Level 4 of the Depths
 53563 | Depths:4 | Noticed Sojobo
 53572 | Depths:4 | Paralysed by an air elemental for 1 turns
 53592 | Depths:4 | Killed Sojobo
 54295 | Depths:4 | Found a gate to the Realm of Zot.
 55450 | Depths:3 | Reached XP level 26. HP: 237/237 MP: 8/32
 56194 | Crypt:1  | Entered Level 1 of the Crypt
 56390 | Crypt:1  | Noticed Vailuoroe's ghost (veteran GrEE)
 56410 | Crypt:1  | Found a runed translucent door.
 56421 | Crypt:1  | Reached skill level 26 in Fighting
 57942 | Crypt:2  | Noticed Mennas
 57965 | Crypt:2  | Killed Mennas
 58614 | Crypt:3  | Entered Level 3 of the Crypt
 58769 | Crypt:3  | Noticed Khufu
 58772 | Crypt:3  | Noticed a royal mummy
 58812 | Crypt:3  | Killed a royal mummy
 58827 | Crypt:3  | Killed Khufu
 59048 | Crypt:3  | Noticed a royal mummy
 59054 | Crypt:3  | Noticed a royal mummy
 59061 | Crypt:3  | Killed a royal mummy
 59067 | Crypt:3  | Killed a royal mummy
 59233 | Crypt:3  | Reached skill level 27 in Fighting
 59967 | Crypt:3  | Found a staircase to the Tomb.
 60017 | Crypt:3  | Found a basalt altar of Yredelemnul.
 60021 | Crypt:3  | Found an ancient bone altar of Kikubaaqudgha.
 60097 | Crypt:3  | Acquired 870 gold pieces
 60263 | Tomb:1   | Entered Level 1 of the Tomb of the Ancients
 60553 | Tomb:1   | Noticed a royal mummy
 60566 | Tomb:1   | Killed a royal mummy
 60589 | Tomb:1   | Noticed a royal mummy
 60603 | Tomb:1   | Killed a royal mummy
 60604 | Tomb:1   | Gained mutation: When low on magic, you restore magic in
                  | place of health. [demonic ancestry]
 60604 | Tomb:1   | Reached XP level 27. HP: 145/249 MP: 1/32
 60691 | Tomb:1   | Noticed a royal mummy
 60719 | Tomb:1   | HP: 1/249 [disintegration (65)]
 60733 | Tomb:1   | Killed a royal mummy
 61457 | Tomb:2   | Noticed a royal mummy
 61459 | Tomb:2   | Noticed a royal mummy
 61462 | Tomb:2   | Noticed a royal mummy
 61463 | Tomb:2   | Noticed a royal mummy
 61466 | Tomb:2   | Killed a royal mummy
 61472 | Tomb:2   | Killed a royal mummy
 61474 | Tomb:2   | Killed a royal mummy
 61478 | Tomb:2   | HP: 9/249 [mummy priest (9)]
 61480 | Tomb:2   | Killed a royal mummy
 61548 | Tomb:2   | Identified the +1 pair of boots of Qunk {rPois rC+}
 61720 | Tomb:1   | Noticed a royal mummy
 61720 | Tomb:1   | Noticed a royal mummy
 61721 | Tomb:1   | Noticed a royal mummy
 61721 | Tomb:1   | Noticed a royal mummy
 61721 | Tomb:1   | Noticed a royal mummy
 61722 | Tomb:1   | Noticed a royal mummy
 61725 | Tomb:1   | Noticed a royal mummy
 61727 | Tomb:1   | Killed a royal mummy
 61728 | Tomb:1   | Killed a royal mummy
 61735 | Tomb:1   | HP: 11/249 [emperor scorpion[a royal mummy] (4)]
 61735 | Tomb:1   | HP: 5/249 [emperor scorpion[a royal mummy] (6)]
 61738 | Tomb:1   | Killed a royal mummy
 61738 | Tomb:1   | Killed by a royal mummy's death curse

Illustrated notes

Levels and vault maps discovered:
D:1:      evilmike_arrival_rings, layout_basic
D:2:      wad_river_or_something, layout_loops_corners, uniq_jessica
D:3:      layout_loops_ring, lemuel_doored_altar, okawaru_metal_pillars_1_2,
          serial_shops, shop
D:4:      layout_basic, eat_drink_and_be_merry_uskayaw
D:5:      cheibrodos_fzero, layout_basic, old_standard_altar,
          gup_ossuary_entry_pyramid, kennysheep_big_empty_room,
          serial_bayou_ford_a
D:6:      layout_cave_pools, nicolae_overflow_crystal_walls,
          nicolae_hepliaklqana_ecumenical_no_more, temple_pool_b, serial_shops,
          nicolae_lakefront_shop, st_stairs_14, roderic_batcave, uniq_grinder,
          uniq_jeremiah
D:7:      layout_basic, nicolae_elyvilon_peaceful_grove, enter_bailey_5,
          hangedman_abyss_or_decor_stagger, dreamdust_gnoll_shepherd
D:8:      layout_rooms, grunt_lair_entry_orc_guard_hut
D:9:      layout_basic, cheibrodos_ashenzari_chains,
          nicolae_ru_great_annihilating_truth, mainiacjoe_overflow_alcove_2,
          grunt_decor_fettered, minmay_fire_ice_demons
D:10:     layout_basic, fedhas_ov_isle_minmay, mainiacjoe_overflow_alcove_1,
          serial_curves, eino_curves_04, eino_curves_02, eino_curves_04,
          serial_shops, nicolae_diamond_shop, enter_trove_6, sword_in_stone,
          uniq_grum, uniq_maurice, uniq_fannar, uniq_snorg
D:11:     layout_rooms, minivault_7
D:12:     layout_loops_ring, david_orc_5
D:13:     layout_stronghold, chequers_serial_rivers_small_a,
          nicolae_straight_to_the_point
D:14:     layout_grid_maze, david_vaults_3, chequers_serial_rivers_small_b
D:15:     hellmonk_depths_entry_around_the_bend, layout_long_grid,
          grunt_qazlal_clouds, gammafunk_ghost_wrathful_warriors, uniq_nessos
Lair:1:   layout_chaotic_city, grunt_forest_large_clearing_hut, uniq_amaemon
Lair:2:   layout_hall_layers, dummy_spider_entry,
          chequers_serial_rivers_micro_d, pond
Lair:3:   layout_regular_city, swamp_mist_pool, dreamdust_deal_with_the_devil,
          infiniplex_staircase_pool_2, uniq_kirke
Lair:4:   layout_regular_city, nicolae_slime_entry_slimehenge, serial_rivers,
          chequers_serial_rivers_small_3, chequers_serial_rivers_micro_e,
          chequers_serial_rivers_large_b, chequers_serial_rivers_micro_a,
          chequers_serial_rivers_marsh, roderic_carrion_pond, uniq_sonja,
          uniq_urug
Lair:5:   minmay_lair_end_frog_pond, layout_loops_ring,
          dreamdust_mushroom_princess
Swamp:1:  layout_basic_swamp, evilmike_swamp_ruin_wall, swamp_pool4
Swamp:2:  layout_falls_marsh, hangedman_swamp_diagram, uniq_roxanne
Swamp:3:  layout_basic_swamp, hangedman_swamp_ruin_wall,
          nicolae_swamp_triple_paths, uniq_mlioglotl
Swamp:4:  swamp_basic_johnstein, layout_basic_swamp, swamp_pool3
Spider:1: layout_spider_delve, nicolae_spider_circle_web, uniq_rupert
Spider:2: layout_cave_pods, nicolae_spider_shape
Spider:3: layout_cave_pods, uniq_bai_suzhen
Spider:4: hellmonk_spider_rune_bug_friends, gammafunk_ghost_necromancy
Slime:1:  layout_caves
Slime:2:  layout_caves, uniq_dissolution
Slime:3:  cheibrodos_slime_lost_civilization_3, layout_caves
Slime:4:  nicolae_slime_pool, layout_caves, nicolae_slime_barrier
Slime:5:  slime_pit_nicolae_inversion
Orc:1:    layout_caves
Orc:2:    st_orc_elflike, layout_diamond_mine
Elf:1:    layout_geoelf_diagonals, gammafunk_ghost_abyssal_escape,
          portal_desolation_entry_salt, minmay_elf_necromancy
Elf:2:    nicolae_elf_blades_crystal_corner, layout_geoelf_diagonals,
          lemuel_upstairs_altar
Elf:3:    minmay_elf_hall_furrowed, layout_loops_corners, serial_shops, shop,
          uniq_aizul
Vaults:1: st_greater_box_1, v_misc_18, v_rooms_2, dpeg_vaults_monster_box,
          v_misc_27, nicolae_vaults_network_periphery,
          ontoclasm_vaults_decontamination, nicolae_vaults_trapezoid_4,
          nicolae_vaults_shelves_hall, hangedman_vaults_nails,
          nicolae_vaults_tetromino_T_1, nicolae_vaults_hexular_roomagon,
          layout_vaults_omnicross
Vaults:2: v_misc_18, minmay_crypt_entry_vampire_xt, v_rooms_4,
          hangedman_vaults_river_flow, nicolae_vaults_house_1,
          ontoclasm_vaults_chip, nicolae_vaults_spaceships,
          nicolae_vaults_offset_grid_hallway_3, layout_vaults_big_room,
          serial_shops, shop
Vaults:3: nicolae_vaults_mini_display_case, hangedman_vaults_nodes,
          nicolae_vaults_network_star, hangedman_vaults_nails,
          nicolae_vaults_tetromino_T_2, nicolae_vaults_storage_room_glass,
          nicolae_vaults_layer_cake_slice, nicolae_vaults_alarming,
          grunt_vaults_bifocal, nicolae_vaults_diagonal_hallway_6,
          nicolae_vaults_enemy_cabinets, v_alt_pattern_4, vaults_dpeg_cross,
          grunt_vaults_funnel, layout_vaults_omnigrid
Vaults:4: nicolae_vaults_know_your_exits, nicolae_vaults_trapezoid_layered,
          nicolae_vaults_taking_the_gang_shopping, nicolae_vaults_sightless_eye,
          v_misc_16, vaults_room_corners, vaults_room_ringed_pool,
          hangedman_vaults_snaps, v_misc_28,
          nicolae_vaults_trapezoid_lopsided_1, layout_vaults_maze_bifur,
          serial_shops, nicolae_shop_stone, uniq_frederick
Vaults:5
Crypt:1:  layout_regular_city, hellmonk_ghost_big_iron,
          grunt_crypt_arrival_guarded_gate
Crypt:2:  layout_basic, uniq_mennas
Crypt:3:  lightli_unholy_cathedral, layout_chaotic_city,
          tomb_entry_simple_bobbens, grunt_megastairs_1, uniq_khufu
Tomb:1
Tomb:2
Depths:1: layout_gridlike, grunt_hell_entry_dis_old,
          lightli_enter_wizlab_magi_temple, nicolae_figureground_pulse,
          grunt_decor_clamped, hangedman_aviary
Depths:2: mu_elemental_laboratory, layout_basic, enter_ziggurat_a,
          grunt_hell_horde, rand_demon_pan_entry_1, serial_bayou_pond_e,
          infiniplex_staircase_river, uniq_josephina
Depths:3: nicolae_cairo_tiling_large_dashed, layout_basic,
          minmay_misc_feat_cross, hangedman_coc_ice_floe, abyss_entry,
          nicolae_sif_muna_condensation
Depths:4: grunt_crosshair, layout_gridlike, abyss_entry, hell_entry,
          glass_columns_b, chequers_jeans, kennysheep_random_hallway,
          uniq_sojobo

Skill      XL: |  1  2  3  4  5  6  7  8  9 10 11 12 13 14 15 16 17 18 19 20 21 22 23 24 25 26 27 |
---------------+----------------------------------------------------------------------------------+-----
Maces & Flails | 3 4 5 9 |  9.0
Fighting       | 3 4 5 6 8 10 11 13 15 16 18 20 22 23 25 27 | 27.0
Axes           | 1 4 7 8 10 12 13 14 15 16 19 21 22 | 22.3
Polearms       | 4 7 9 15 | 15.9
Armour         | 4 7 9 11 12 13 15 16 18 19 21 23 | 23.2
Invocations    | 2 8 10 12 13 14 | 14.5
Shields        | 4 5 7 9 |  9.8
Dodging        | 5 8 9 |  9.3
Throwing       | |  1.7

Action                     |  1- 3 |  4- 6 |  7- 9 | 10-12 | 13-15 | 16-18 | 19-21 | 22-24 | 25-27 || total
---------------------------+-------+-------+-------+-------+-------+-------+-------+-------+-------++-------
  Melee: Flail             |   104 |   154 |       |       |       |       |       |       |       ||   258
         Kick              |     7 |    47 |    65 |    92 |    87 |   241 |   315 |   227 |   439 ||  1520
         Punch             |       |     2 |     3 |    15 |    13 |       |       |       |       ||    33
         War axe           |       |    26 |   135 |       |       |       |       |       |       ||   161
         Trident           |       |       |   128 |   521 |       |       |       |       |       ||   649
         Demon whip        |       |       |       |   429 |   602 |       |       |       |       ||  1031
         Broad axe         |       |       |       |       |   513 |   721 |   677 |       |       ||  1911
         Peck              |       |       |       |       |       |       |    87 |   133 |   260 ||   480
         Executioner's axe |       |       |       |       |       |       |    96 |   569 |   922 ||  1587
  Throw: Javelin           |       |       |    14 |       |       |       |       |       |       ||    14
         Throwing net      |       |       |     2 |       |       |       |       |       |       ||     2
         Boomerang         |       |       |       |    19 |     3 |       |       |       |       ||    22
 Invoke: Upheaval          |       |       |       |       |     4 |     3 |       |     3 |    13 ||    23
         Disaster Area     |       |       |       |       |       |       |       |     2 |     4 ||     6
  Evoke: Wand              |       |       |     2 |    15 |    13 |     3 |       |       |     7 ||    40
    Use: Scroll            |       |    13 |     9 |    10 |     8 |     3 |     4 |     4 |    11 ||    62
         Potion            |       |     1 |     3 |    15 |     4 |     9 |     3 |     6 |    15 ||    56
   Stab: Sleeping          |     3 |     5 |       |       |       |       |       |       |       ||     8
         Paralysed         |       |       |       |     1 |       |       |       |       |       ||     1
         Distracted        |       |       |       |       |     1 |     7 |    12 |       |     1 ||    21
         Confused          |       |       |       |       |       |     1 |       |       |       ||     1
 Armour: Leather armour    |    60 |   110 |   169 |    37 |       |       |       |       |       ||   376
         Skin              |    12 |       |       |    57 |       |       |       |       |       ||    69
         Chain mail        |       |       |       |   677 |   841 |   571 |   423 |   313 |       ||  2825
         Gold dragon scale |       |       |       |       |       |       |       |   156 |   846 ||  1002
  Dodge: Dodged            |    79 |   122 |   176 |   346 |   314 |   211 |   151 |   179 |   246 ||  1824
         Repelled          |       |       |       |     2 |     4 |    14 |    10 |     1 |    11 ||    42
  Block: Buckler           |       |     7 |       |       |   290 |   480 |   403 |       |       ||  1180
         Other             |       |       |    39 |   260 |   157 |     1 |    45 |   358 |   411 ||  1271
         Orb               |       |       |       |       |    15 |       |       |       |       ||    15
         Reflection        |       |       |       |       |       |       |     5 |    32 |       ||    37

Table legend: (Time is in decaauts)
 A = Elapsed time spent in this place.
 B = Non-inter-level travel time spent in this place.
 C = Inter-level travel time spent in this place.
 D = Time resting spent in this place.
 E = Time spent auto-exploring this place.
 F = Levels seen in this place.
 G = Mean time per level.
                   A        B        C        D        E       F      G
               +--------+--------+--------+--------+--------+-----+--------+
         Total |  60976 |  56508 |   4468 |     84 |  44558 |  56 | 1088.9 |
       Dungeon |  13969 |  12491 |   1478 |      0 |   9645 |  15 |  931.3 |
          Lair |   6283 |   5257 |   1026 |     14 |   3596 |   5 | 1256.6 |
         Swamp |   3619 |   3453 |    166 |      0 |   2854 |   4 |  904.8 |
   Spider Nest |   4325 |   4122 |    203 |      0 |   3502 |   4 | 1081.2 |
    Slime Pits |   3960 |   3770 |    190 |      0 |   3155 |   5 |  792.0 |
  Orcish Mines |   1337 |   1138 |    199 |      0 |    959 |   2 |  668.5 |
   Elven Halls |   4318 |   4132 |    186 |      0 |   3344 |   3 | 1439.3 |
        Vaults |   9890 |   9427 |    463 |     70 |   7955 |   5 | 1978.0 |
         Crypt |   3999 |   3900 |     99 |      0 |   3221 |   3 | 1333.0 |
          Tomb |   1488 |   1357 |    131 |      0 |    642 |   2 |  744.0 |
        Depths |   6057 |   5734 |    323 |      0 |   4868 |   4 | 1514.2 |
       Ossuary |    218 |    218 |      0 |      0 |      6 |   1 |  218.0 |
        Bailey |    239 |    239 |      0 |      0 |    102 |   1 |  239.0 |
        Wizlab |    324 |    324 |      0 |      0 |    115 |   1 |  324.0 |
    Desolation |    943 |    943 |      0 |      0 |    592 |   1 |  943.0 |
               +--------+--------+--------+--------+--------+-----+--------+

Top non-repeatable levels by time:
Vaults:1: 2619 daAuts
Vaults:3: 2103 daAuts
Depths:2: 1946 daAuts
  Lair:4: 1879 daAuts
Vaults:2: 1861 daAuts
   Elf:3: 1835 daAuts
Depths:4: 1794 daAuts
Vaults:4: 1755 daAuts
 Crypt:3: 1617 daAuts
Vaults:5: 1551 daAuts
     D:9: 1437 daAuts
   Elf:1: 1338 daAuts
 Crypt:1: 1317 daAuts
    D:14: 1300 daAuts
Spider:2: 1291 daAuts
